AoeStats
← OWL | AlfredtheAlpaca

Oasis

509787011Analyzed
4v4 RM · 3d ago on Sep 28, 2026· 60m 48s· 8 players
Game mode
Random Map
Map size
Large (8 player)
Population
200
Speed
Normal
Resources
Standard
Victory
Conquest
Starting age
Dark Age
Ending age
Imperial Age
RankedLock teamsTeams togetherTeam positionsShared explorationLock speedFull tech treeHidden civsTurbo modeCheats
Victory
Defeat
1121
+12
🇨🇱 Gurjaras · Chile
1086
+14
🇺🇸 Danes · United States
1071
+14
🇨🇱 Tupi · Chile
1001
+18
🇨🇱 Slavs · Chile
1084
-16
🇨🇱 Mongols · Chile
1065
-16
🇨🇱 Vietnamese · Chile
997
-13
🇦🇷 Japanese · Argentina
990
-13
Brazy_Boy4
0:50 Loom
11:57 Feudal Age
12:32 Double-Bit Axe
12:08 Man-at-Arms
21:51 Castle Age
20:52 Forging
20:34 Gold Mining
22:04 Long Swordsman
23:15 Scale Mail Armor
23:10 Horse Collar
31:23 Gambesons
32:24 Wheelbarrow
31:42 Arson
34:03 Stone Mining
36:34 Bow Saw
39:13 Imperial Age
37:24 Hand Cart
38:14 Stone Shaft Mining
38:26 Gold Shaft Mining
38:26 Ballistics
37:28 Elite Skirmisher
38:14 Thumb Ring
38:02 Fletching
38:33 Chain Mail Armor
38:52 Bodkin Arrow
39:59 Padded Archer Armor
42:06 Chemistry
41:57 Plate Mail Armor
43:18 Iron Casting
43:25 Leather Archer Armor
43:49 Town Watch
45:33 Squires
45:26 Elite Jomsviking
46:21 Heavy Plow
48:24 Hamask
49:33 Bracer
53:01 Blast Furnace
52:32 Ring Archer Armor
52:53 Conscription
57:31 Caravan
OWL | AlfredtheAlpaca
10:45 Feudal Age
12:29 Horse Collar
13:59 Scale Barding Armor
14:47 Bloodlines
15:14 Forging
15:58 Loom
23:03 Castle Age
20:57 Double-Bit Axe
23:27 Gold Mining
24:11 Chain Barding Armor
27:10 Iron Casting
34:41 Husbandry
35:35 Wheelbarrow
38:58 Imperial Age
36:33 Heavy Plow
37:01 Vendel Legacy
39:09 Hand Cart
39:22 Cavalier
40:43 Bow Saw
39:56 Light Cavalry
42:30 Plate Barding Armor
42:56 Blast Furnace
43:01 Hussar
45:05 Two-Man Saw
46:22 Fortified Wall
47:56 Treadmill Crane
49:08 Masonry
49:21 Conscription
50:52 Caravan
55:23 Crop Rotation
57:04 Town Watch
[GE]Aplostlico
5:04 Loom
9:57 Feudal Age
11:55 Horse Collar
12:51 Double-Bit Axe
15:38 Wheelbarrow
20:43 Castle Age
19:14 Fletching
19:44 Padded Archer Armor
20:54 Forging
20:50 Scale Barding Armor
22:30 Bloodlines
22:21 Husbandry
22:29 Thumb Ring
27:13 Bow Saw
28:51 Heavy Plow
29:10 Gold Mining
29:38 Fortified Wall
30:22 Masonry
33:53 Imperial Age
32:29 Hand Cart
33:05 Masonry
32:38 Treadmill Crane
33:03 Town Watch
34:39 Iron Casting
35:11 Conscription
35:08 Kshatriyas
34:54 Light Cavalry
36:29 Elite Shrivamsha Rider
39:10 Heavy Camel Rider
40:52 Chain Barding Armor
42:21 Gold Shaft Mining
41:36 Stone Mining
42:15 Elite Skirmisher
43:06 Hussar
45:42 Plate Barding Armor
47:02 Hoardings
47:46 Caravan
47:33 Siege Elephant
49:50 Frontier Guards
52:17 Stone Shaft Mining
55:02 Coinage
57:28 Sappers
[GE]GhandioHarry
9:39 Loom
12:27 Feudal Age
13:05 Double-Bit Axe
13:01 Horse Collar
19:22 Castle Age
26:59 Imperial Age
24:11 Pikeman
25:46 Heavy Plow
27:04 Padded Archer Armor
27:43 Fletching
28:56 Ballistics
28:48 Bow Saw
29:43 Bodkin Arrow
31:13 Forging
32:09 Two-Man Saw
33:23 Chemistry
32:18 Gold Mining
32:19 Stone Mining
33:09 Arson
33:43 Leather Archer Armor
33:42 Squires
34:34 Wheelbarrow
34:17 Bracer
34:38 Town Watch
35:51 Ring Archer Armor
35:34 Scale Mail Armor
36:17 Gold Shaft Mining
36:10 Hand Cart
35:59 Elite Blackwood Archer
37:25 Iron Casting
37:06 Chain Mail Armor
38:16 Curare
39:03 Caciques
39:10 Murder Holes
39:49 Conscription
40:17 Plate Mail Armor
39:12 Champi Runner
40:36 Halberdier
41:38 Town Patrol
42:56 Treadmill Crane
43:23 Caravan
43:27 Elite Skirmisher
48:30 Champi Warrior
51:09 Capped Ram
54:24 Siege Ram
57:30 Arrowslits
57:37 Heated Shot
57:15 Halberdier
57:18 Elite Champi Warrior
60:15 Hoardings
59:12 Sappers
59:56 Clinker Construction
59:57 Careening
60:37 Coinage
felix1997
7:37 Loom
9:59 Feudal Age
12:47 Horse Collar
12:54 Double-Bit Axe
16:11 Gold Mining
16:37 Stone Mining
20:19 Castle Age
18:19 Fletching
18:30 Padded Archer Armor
21:17 Crossbowman
21:56 Bodkin Arrow
23:17 Heavy Plow
23:29 Bow Saw
27:51 Gold Shaft Mining
32:03 Wheelbarrow
33:04 Thumb Ring
34:09 Hand Cart
36:39 Imperial Age
36:01 Scale Barding Armor
36:06 Forging
37:21 Bloodlines
37:12 Husbandry
36:33 Light Cavalry
36:46 Light Cavalry
37:28 Husbandry
37:51 Chain Barding Armor
39:20 Ballistics
40:01 Chemistry
39:12 Bracer
40:40 Parthian Tactics
44:59 Masonry
46:30 Two-Man Saw
50:09 Scale Mail Armor
50:45 Iron Casting
50:21 Pikeman
51:12 Squires
50:59 Arson
51:25 Halberdier
51:31 Halberdier
53:30 Chain Mail Armor
53:51 Iron Casting
58:39 Plate Mail Armor
Paalosh
10:17 Feudal Age
12:43 Double-Bit Axe
15:02 Castle Age
13:02 Horse Collar
16:25 Gold Mining
17:32 Loom
20:54 Wheelbarrow
22:51 Bow Saw
23:39 Heavy Plow
25:50 Hand Cart
29:09 Ballistics
28:43 Fletching
28:53 Padded Archer Armor
31:37 Imperial Age
29:41 Thumb Ring
30:18 Bodkin Arrow
32:35 Leather Archer Armor
32:24 Bracer
34:03 Chemistry
34:15 Leather Archer Armor
34:06 Scale Barding Armor
34:11 Forging
35:37 Parthian Tactics
35:18 Husbandry
35:28 Bloodlines
35:14 Light Cavalry
36:32 Hussar
41:04 Chain Barding Armor
44:25 Drill
44:15 Elite Mangudai
45:17 Conscription
44:32 Capped Ram
46:24 Iron Casting
46:28 Gold Shaft Mining
51:58 Siege Ram
Wseek
7:33 Loom
9:45 Feudal Age
10:22 Double-Bit Axe
11:56 Fletching
12:10 Padded Archer Armor
13:01 Gold Mining
19:13 Castle Age
17:06 Horse Collar
18:25 Stone Mining
20:00 Heavy Plow
20:12 Bow Saw
20:39 Stone Shaft Mining
21:41 Bodkin Arrow
22:01 Leather Archer Armor
32:57 Imperial Age
33:15 Ballistics
33:07 Thumb Ring
35:11 Chemistry
34:13 Bracer
34:43 Ring Archer Armor
35:36 Elite Rattan Archer
37:22 Paper Money
44:26 Town Watch
55:31 Pikeman
57:24 Halberdier
TatanKX3
4:36 Loom
14:55 Feudal Age
15:03 Man-at-Arms
15:59 Horse Collar
16:08 Double-Bit Axe
16:27 Scale Mail Armor
17:08 Forging
23:19 Castle Age
21:47 Fletching
21:57 Padded Archer Armor
23:36 Long Swordsman
24:18 Squires
24:36 Chain Mail Armor
24:56 Iron Casting
27:14 Pikeman
36:56 Bow Saw
36:37 Gold Mining
40:27 Town Watch
41:18 Wheelbarrow
47:29 Imperial Age
45:30 Scale Barding Armor
45:52 Heavy Plow
46:33 Gold Shaft Mining
45:48 Stone Mining
46:17 Hand Cart
47:30 Two-Handed Swordsman
49:23 Town Patrol
49:34 Champion
50:30 Druzhina
53:47 Two-Man Saw
56:23 Crop Rotation
Connection lost

Rejoining the realm…

Still unreachable

The connection could not be restored.

Session expired

The server has moved on; the page needs a fresh start.